 Dungeon Crawl Stone Soup version 0.26.1-2-gb8aa6d0cf2 (webtiles) character file.

Game seed: 18221062643603848349

170531 Quickbrownfox the Frost Mage (level 17, -13/112 HPs)
             Began as a Demonspawn Gladiator on Feb 24, 2021.
             Was the Champion of Vehumet.
             Mangled by a +3 war axe of holy wrath (32 damage)
             ... on level 2 of the Elven Halls on Feb 25, 2021.
             The game lasted 02:18:46 (44817 turns).

Quickbrownfox the Frost Mage (DsGl)                Turns: 44817, Time: 02:18:49

Health: -13/112    AC: 19    Str: 17    XL:     17   Next: 37%
Magic:  24/31      EV: 19    Int: 15    God:    Vehumet [******]
Gold:   1073       SH:  0    Dex: 18    Spells: 9/36 levels left

rFire    x . .     SeeInvis .   g - +9 flail (venom)
rCold    + + .     Faith    .   (no shield)
rNeg     + . .     Spirit   .   l - +3 leather armour {rF+}
rPois    +         Reflect  .   (helmet unavailable)
rElec    .         Harm     .   Q - +1 cloak {rPois}
rCorr    .         Rampage  .   p - +1 pair of gloves
Will     +....                  Z - +2 pair of boots {run}
Stlth    ++++......             I - amulet of the acrobat
HPRegen  0.28/turn              d - ring of the Furies {Ice rN+}
MPRegen  0.22/turn              O - ring of ice

@: very slightly contaminated, quick
A: horns 3, iridescent scales 3, camouflage 1, agile 1, deformed body, demonic
guardian 2, frail 1, powered by death 2, strong 1, MP-powered wands
a: Renounce Religion


You were on level 2 of the Elven Halls.
You worshipped Vehumet.
Vehumet was exalted by your worship.
You visited 6 branches of the dungeon, and saw 29 of its levels.
You also visited: Sewer, Ice Cave and Volcano.

You collected 2943 gold pieces.
You spent 1870 gold pieces at shops.

Inventory:

Hand Weapons
 g - a +9 flail of venom (weapon)
 t - the +1 rapier of Drought {speed, +Inv rF+ Int+3}
   (You found it on level 1 of the Spider Nest)

   Attacks with this weapon are significantly faster.
   It affects your intelligence (+3).
   It protects you from fire.
   It lets you turn invisible.
Missiles
 y - a throwing net
 D - 80 poisoned darts
Armour
 l - a +3 leather armour of fire resistance (worn)
 m - +0 steam dragon scales
 p - a +1 pair of gloves (worn)
 G - a scarf of repulsion
 P - a +2 robe of cold resistance
 Q - a +1 cloak of poison resistance (worn)
 Y - a +2 robe of fire resistance
 Z - a +2 pair of boots of running (worn)
Magical Staves
 b - an uncursed staff of cold
Jewellery
 d - the ring of the Furies (left hand) {Ice rN+}
   (You bought it in a shop on level 2 of the Elven Halls)

   [ring of ice]

   It enhances your ice magic.
   It makes you vulnerable to fire.
   It protects you from cold.
   It protects you from negative energy.
 k - the ring of Linearity {+Inv rF+ AC+4 Str+7}
   (You bought it in a shop on level 7 of the Dungeon)

   [ring of protection]

   It affects your AC (+4).
   It affects your strength (+7).
   It protects you from fire.
   It lets you turn invisible.
 I - an amulet of the acrobat (around neck)
 J - a +6 ring of strength
 L - an uncursed ring of magical power
 O - a ring of ice (right hand)
 S - an uncursed ring of willpower
 T - the ring "Lisox" {rCorr Int+3}
   (You found it on level 1 of the Orcish Mines)

   [ring of resist corrosion]

   It affects your intelligence (+3).
   It provides partial protection from all sources of acid and corrosion.
 V - an uncursed ring of protection from cold
Wands
 e - a wand of random effects (38)
 i - a wand of iceblast (15)
 j - a wand of paralysis (10)
 H - a wand of disintegration (6)
 R - a wand of enslavement (27)
Scrolls
 f - 9 scrolls of remove curse
 h - a scroll of summoning
 n - a scroll of vulnerability
 q - 4 scrolls of enchant armour
 s - 10 scrolls of teleportation
 v - 2 scrolls of amnesia
 w - a scroll of identify
 x - 2 scrolls of enchant weapon
 z - 2 scrolls of silence
 A - 2 scrolls of blinking
 B - 2 scrolls of magic mapping
 E - 5 scrolls of fear
Potions
 a - a potion of cancellation
 c - 9 potions of curing
 o - 6 potions of flight
 r - 2 potions of heal wounds
 u - a potion of magic
 C - 4 potions of ambrosia
 F - 4 potions of invisibility
 M - a potion of berserk rage
 N - 3 potions of brilliance
 W - 3 potions of haste
 X - 3 potions of resistance
Miscellaneous
 K - a box of beasts (inert)
 U - a condenser vane


   Skills:
 + Level 9.0 Fighting
 + Level 10.5 Maces & Flails
 - Level 3.6 Polearms
 + Level 6.6 Throwing
 + Level 5.7 Armour
 + Level 10.2 Dodging
 - Level 6.0 Stealth
 * Level 10.4 Spellcasting
 * Level 9.5 Conjurations
 - Level 7.3 Hexes
 + Level 7.7 Fire Magic
 * Level 12.2 Ice Magic
 - Level 3.0 Poison Magic
 + Level 9.6 Evocations


You had 9 spell levels left.
You knew the following spells:

 Your Spells              Type           Power        Failure   Level
a - Orb of Destruction    Conj           18%          41%         7
c - Olgreb's Toxic Radia  Pois           16%          9%          4
d - Ozocubu's Refrigerat  Ice            39%          3%          6
e - Fireball              Conj/Fire      16%          2%          5
f - Irradiate             Conj/Tmut      11%          12%         5

Your spell library contained the following spells:

 Spells                   Type           Power        Failure   Level
 Chain Lightning          Conj/Air       11%          100%        8
 Corona                   Hex            32%          1%          1
 Magic Dart               Conj           100%         1%          1
 Shock                    Conj/Air       88%          1%          1
 Ensorcelled Hibernation  Hex/Ice        100%         1%          2
 Searing Ray              Conj           72%          1%          2
 Slow                     Hex            29%          1%          2
 Confusing Touch          Hex            29%          1%          3
 Conjure Flame            Conj/Fire      33%          1%          3
 Dazzling Flash           Conj/Hex       66%          1%          3
 Mephitic Cloud           Conj/Pois/Air  20%          1%          3
 Static Discharge         Conj/Air       22%          1%          3
 Stone Arrow              Conj/Erth      44%          1%          3
 Tukima's Dance           Hex            29%          1%          3
 Fulminant Prism          Conj/Hex       16%          1%          4
 Sandblast                Erth           14%          3%          1
 Iskenderun's Mystic Bla  Conj/Tloc      22%          4%          4
 Metabolic Englaciation   Hex/Ice        35%          5%          5
 Summon Guardian Golem    Hex/Summ       18%          8%          3
 Ice Form                 Ice/Tmut       56%          9%          4
 Summon Ice Beast         Ice/Summ       56%          9%          4
 Summon Small Mammal      Summ           28%          11%         1
 Lightning Bolt           Conj/Air       11%          12%         5
 Blink                    Tloc           N/A          17%         2
 Call Imp                 Summ           7%           17%         2
 Passwall                 Tmut/Erth      5%           17%         2
 Swiftness                Air            7%           17%         2
 Yara's Violent Unravell  Hex/Tmut       9%           17%         5
 Freezing Cloud           Conj/Ice/Air   30%          22%         6
 Airstrike                Air            3%           28%         4
 Call Canine Familiar     Summ           7%           32%         3
 Gell's Gravitas          Tloc           3%           32%         3
 Lee's Rapid Deconstruct  Erth           3%           58%         5
 Petrify                  Tmut/Erth      7%           73%         4
 Summon Lightning Spire   Summ/Air       7%           73%         4
 Simulacrum               Ice/Necr       28%          80%         6


Dungeon Overview and Level Annotations

Branches:
Dungeon (14/15)            Temple (1/1) D:5            Lair (6/6) D:11
 Shoals (0/4) Lair:4       Spider (4/4) Lair:2        Slime (0/5) Lair:6
    Orc (2/2) D:10            Elf (2/3) Orc:2        Vaults (0/5) D:14
  Sewer (visited)           IceCv (visited)         Volcano (visited)

Altars:
Ashenzari
Cheibriados
Dithmenos
Fedhas
Kikubaaqudgha
Makhleb
Nemelex Xobeh
Qazlal
Sif Muna
Trog
Uskayaw
Vehumet
Xom
Zin
The Shining One
Beogh

Shops:
D:7 =   Orc:1 [   Orc:2 (?[:?   Elf:2 =}=

Annotations:
Lair:3 exclusion: 3 oklob plants


Innate Abilities, Weirdness & Mutations

You have a pair of large horns on your head.
You are completely covered in iridescent scales. (AC +6)
A demonic guardian rushes to your aid.
You regenerate health from kills.
Your skin changes colour to match your surroundings (Stealth+).
You are agile. (Dex +2)
Armour fits poorly on your strangely shaped body.
You are frail. (-10% HP)
Your muscles are strong. (Str +2)
You expend magic power (3 MP) to strengthen your wands.


Message History

Okay, then.
Casting: Ozocubu's Refrigeration (dangerous; 3% risk of failure)
Confirm with . or Enter, or press ? or * to list all spells.
The spell is quite dangerous to cast (41% risk of failure)!
Continue anyway?
Aiming: Orb of Destruction (quite dangerous; 41% risk of failure)
Press: ? - help, Shift-Dir - straight line, f - +3 war axe of holy wrath
Aim: a +3 war axe of holy wrath (wandering, hasn't noticed you)
You miscast Orb of Destruction.
You are very lightly contaminated with residual magic.
Sparks fly from your hands! The +3 war axe of holy wrath hits you!
You convulse.
You see here a +5 glaive of protection.
You hit the +3 war axe of holy wrath.
Your headbutt misses the +3 war axe of holy wrath.
The +3 war axe of holy wrath is lightly damaged.
The +3 war axe of holy wrath closely misses you.
The +3 war axe of holy wrath hits you!!
* * * LOW HITPOINT WARNING * * *
You convulse!!
You die...

## ##### .## ##...#
..## ##....# ...##
#######(@...#
....#####.....'.....#
.....'........'.....#
.....####...###.....#
..[..# ##..# ##....#
###.## #..# ##...#
.♣#.# #..# ....#
.♣#.# #..# ....#
.##.# #.)# ...#


You could see a +3 war axe of holy wrath.

Vanquished Creatures
  Kirke (D:14)
  A ghost moth (Spider:2)
  A frost giant (IceCv)
  Aizul (Spider:1)
  5 emperor scorpions
  The ghost of Elvor the Bludgeoner, a journeyman GrFi of Okawaru (D:10)
  A deep elf demonologist (Elf:2)
  5 entropy weavers (Spider:4)
  A spark wasp (Spider:3)
  2 deep elf high priests
  The ghost of Groucho the Unseen, a journeyman SpEn of Kikubaaqudgha (Orc:1)
  A fire dragon (Lair:5)
  5 hydras
  4 boulder beetles
  7 dancing weapons
  A queen ant (Spider:4)
  3 death yaks
  3 two-headed ogres
  3 spriggan berserkers (Elf:2)
  12 deep elf knights
  15 deep elf archers
  4 wizards (Volcano)
  A lindwurm (Lair:6)
  45 deep elf magi
  12 orb spiders
  8 orc knights
  13 wolf spiders
  4 cyclopes
  An ugly thing (D:11)
  A manticore (D:12)
  2 moths of wrath
  An eye of devastation (Lair:6)
  2 toenail golems (Volcano)
  An ice statue (IceCv)
  4 black mambas
  14 elephants
  A torpor snail (Spider:2)
  2 centaur skeletons
  13 cane toads
  Maggie (Lair:2)
  10 demonic crawlers
  7 komodo dragons
  12 rime drakes
  4 trolls
  30 jumping spiders
  9 hornets
  3 slime creatures (D:13)
  11 polar bears
  A meliai zombie (D:11)
  7 blink frogs
  7 dream sheep (Lair:6)
  60 redbacks
  An air elemental (Elf:2)
  Sigmund (D:2)
  61 yaks
  22 tarantellas
  A water elemental (Elf:1)
  A basilisk (Lair:3)
  3 fire elementals
  5 wraiths
  2 hogs (D:14)
  2 humans (D:14)
  A wyvern (D:12)
  6 steam dragons (Lair:6)
  7 wargs (Orc:2)
  15 soldier ants (Spider:4)
  Edmund (D:4)
  13 water moccasins
  36 orc warriors
  A floating eye (shapeshifter) (Elf:1)
  2 sky beasts
  4 black bears
  A hornet zombie (D:10)
  8 ice beasts
  An eye of draining (shapeshifter) (Elf:2)
  10 ogres
  2 phantoms
  An eye of draining (Lair:6)
  5 centaurs
  27 wolves
  21 bullfrogs
  2 big kobolds (D:13)
  Blork the orc (D:4)
  A gnoll sergeant (Orc:2)
  An earth elemental (Elf:1)
  A hornet simulacrum (D:14)
  4 scorpions
  16 killer bees
  5 wights (D:6)
  2 howler monkeys
  An electric eel (Lair:4)
  3 bullfrog zombies
  A centaur zombie (D:8)
  8 hounds
  3 jellies
  12 orc priests
  A bullfrog skeleton (D:10)
  4 iguanas
  25 worker ants
  7 hell rats (Lair:5)
  9 orc wizards
  2 hound zombies
  A howler monkey zombie (D:8)
  9 gnolls
  14 adders
  A howler monkey skeleton (D:11)
  2 shadow imps
  5 oozes (Sewer)
  An ooze (shapeshifter) (Elf:1)
  An adder skeleton (D:4)
  2 adder zombies
  A worm (D:2)
  17 leopard geckos
  85 orcs
  7 ball pythons
  21 giant cockroaches
  10 goblins
  4 hobgoblins
  20 jackals
  6 quokkas
  3 bats
  21 frilled lizards
  12 kobolds
  A quokka skeleton (D:6)
  24 rats
1003 creatures vanquished.

Vanquished Creatures (collateral kills)
  A deep elf sorcerer (Elf:1)
  Fannar (D:10)
  2 hydras (Lair:4)
  A spriggan berserker (Elf:2)
  A dancing weapon (Elf:1)
  An orc sorcerer (Orc:1)
  A black mamba (Lair:3)
  A toenail golem (Volcano)
  Psyche (D:11)
  A cane toad (Lair:2)
  A gargoyle (D:13)
  2 rime drakes
  A komodo dragon (Lair:2)
  A troll (D:11)
  A polar bear (IceCv)
  A tarantella (Spider:2)
  9 yaks
  A water moccasin (D:10)
  2 orc warriors
  An ice beast (Lair:1)
  2 wolves (IceCv)
  A bullfrog (Lair:1)
  A killer bee (D:10)
  A howler monkey (D:8)
  An orc priest (D:8)
  A bullfrog skeleton (D:12)
  An adder (D:10)
  2 orcs
41 creatures vanquished.

Vanquished Creatures (others)
  A rime drake (Lair:6)
  2 polar bears (IceCv)
  A human (D:14)
  An orc warrior (Orc:2)
  A black bear (D:11)
  A centaur (D:12)
  An electric eel (Lair:5)
  An orc wizard (D:7)
  A butterfly (Lair:6)
  81 fungi
  88 plants
179 creatures vanquished.

Grand Total: 1223 creatures vanquished

Notes
Turn   | Place    | Note
-------+----------+-------------------------------------------
     0 | D:1      | Quickbrownfox the Demonspawn Gladiator began the quest for
                  | the Orb.
     0 | D:1      | Reached XP level 1. HP: 16/16 MP: 1/1
   120 | D:1      | Gained mutation: You are partially covered in iridescent
                  | scales. (AC +2) [demonic ancestry]
   120 | D:1      | Reached XP level 2. HP: 22/22 MP: 2/2
   476 | D:2      | Gained mutation: You have a pair of small horns on your
                  | head. [demonic ancestry]
   476 | D:2      | Reached XP level 3. HP: 22/27 MP: 3/3
   698 | D:2      | Found a broken altar of Ashenzari.
  1028 | D:2      | HP: 1/27 [gnoll/+0 spear (7)]
  1035 | D:2      | Reached XP level 4. HP: 1/34 MP: 0/4
  2163 | D:3      | Reached skill level 1 in Armour
  2163 | D:3      | Reached XP level 5. HP: 36/41 MP: 3/5
  2401 | D:3      | Learned a level 2 spell: Ensorcelled Hibernation
  2489 | D:2      | Reached skill level 1 in Stealth
  2523 | D:2      | Reached skill level 1 in Maces & Flails
  2563 | D:2      | Found a stormy altar of Qazlal.
  2579 | D:2      | Found a sparkling altar of Nemelex Xobeh.
  2763 | D:2      | Noticed Sigmund
  2863 | D:2      | Killed Sigmund
  2864 | D:2      | Reached skill level 1 in Hexes
  2864 | D:2      | Reached XP level 6. HP: 43/47 MP: 6/6
  3197 | D:4      | Found a glowing drain.
  3208 | Sewer    | Entered a sewer
  3653 | Sewer    | Gained mutation: You are mostly covered in iridescent
                  | scales. (AC +4) [demonic ancestry]
  3653 | Sewer    | Reached XP level 7. HP: 39/52 MP: 4/8
  3841 | D:4      | Noticed Blork the orc
  3853 | D:4      | Killed Blork the orc
  3854 | D:4      | Reached skill level 1 in Spellcasting
  4055 | D:4      | Noticed Edmund
  4073 | D:4      | Killed Edmund
  4715 | D:5      | Entered Level 5 of the Dungeon
  4735 | D:5      | Found a staircase to the Ecumenical Temple.
  4751 | Temple   | Entered the Ecumenical Temple
  4868 | Temple   | Became a worshipper of Vehumet
  4967 | D:5      | Reached skill level 1 in Ice Magic
  4967 | D:5      | Gained mutation: You have a pair of horns on your head.
                  | [demonic ancestry]
  4967 | D:5      | Reached XP level 8. HP: 47/60 MP: 5/11
  5580 | D:6      | Reached skill level 1 in Evocations
  5930 | D:6      | Found a blossoming altar of Fedhas.
  6049 | D:6      | Reached * piety under Vehumet
  6049 | D:6      | Offered knowledge of Foxfire by Vehumet.
  6131 | D:6      | You fall into a shaft and drop 3 floors!
  6175 | D:9      | Learned a level 3 spell: Tukima's Dance
  6698 | D:8      | Gained mutation: A weak demonic guardian rushes to your
                  | aid. [demonic ancestry]
  6698 | D:8      | Reached XP level 9. HP: 21/65 MP: 7/14
  7377 | D:7      | Found Xytaurhi's Jewellery Boutique.
  7395 | D:7      | Offered knowledge of Magic Dart by Vehumet.
  7411 | D:7      | Reached skill level 5 in Hexes
  7414 | D:7      | Reached ** piety under Vehumet
  8160 | D:7      | Found an ancient bone altar of Kikubaaqudgha.
  8160 | D:7      | Found a faded altar of an unknown god.
  8169 | D:7      | Found a shimmering blue altar of Sif Muna.
  8171 | D:7      | Found a hide-covered altar of Uskayaw.
  8173 | D:7      | Found a burning altar of Makhleb.
  8678 | D:8      | Reached skill level 2 in Ice Magic
  9883 | D:9      | Reached skill level 5 in Maces & Flails
 10088 | D:10     | Entered Level 10 of the Dungeon
 10392 | D:10     | Found a staircase to the Orcish Mines.
 10418 | D:10     | Noticed a troll
 10425 | D:10     | Gained mutation: You regenerate a little health from kills.
                  | [demonic ancestry]
 10425 | D:10     | Reached XP level 10. HP: 73/73 MP: 17/17
 10488 | D:10     | Offered knowledge of Conjure Flame by Vehumet.
 10538 | D:10     | Reached skill level 5 in Spellcasting
 10586 | D:10     | Found a shadowy altar of Dithmenos.
 10697 | D:10     | Found a sparkling altar of Nemelex Xobeh.
 10778 | D:10     | Reached *** piety under Vehumet
 10991 | D:10     | Noticed Fannar
 11005 | D:10     | Killed Fannar
 11309 | D:11     | Noticed a red ugly thing
 11317 | D:11     | Reached skill level 5 in Fighting
 11335 | D:11     | Killed a red ugly thing
 11336 | D:11     | Reached skill level 5 in Dodging
 11336 | D:11     | Reached skill level 5 in Evocations
 11341 | D:11     | Reached skill level 5 in Stealth
 11582 | D:11     | Offered knowledge of Olgreb's Toxic Radiance by Vehumet.
 11637 | D:11     | Found a staircase to the Lair.
 11949 | D:11     | Noticed Psyche
 11951 | D:11     | Noticed a cyclops
 11973 | D:11     | Noticed a two-headed ogre
 11976 | D:11     | Gained mutation: You are completely covered in iridescent
                  | scales. (AC +6) [demonic ancestry]
 11976 | D:11     | Reached XP level 11. HP: 31/79 MP: 10/19
 11986 | Lair:1   | Entered Level 1 of the Lair of Beasts
 12148 | Lair:1   | Noticed a five-headed hydra
 12158 | Lair:1   | Found a frozen archway.
 12335 | IceCv    | Entered an ice cave
 12427 | IceCv    | Reached **** piety under Vehumet
 12443 | IceCv    | Learned a level 4 spell: Olgreb's Toxic Radiance
 12514 | IceCv    | Offered knowledge of Iskenderun's Mystic Blast by Vehumet.
 12555 | IceCv    | Reached skill level 1 in Poison Magic
 13414 | IceCv    | Noticed a death yak
 13434 | IceCv    | Killed a death yak
 13481 | IceCv    | Noticed a frost giant
 13481 | IceCv    | Noticed a death yak
 13487 | IceCv    | Killed a death yak
 13488 | IceCv    | Reached XP level 12. HP: 86/86 MP: 20/22
 13488 | IceCv    | Killed a frost giant
 13548 | IceCv    | Learned a level 6 spell: Ozocubu's Refrigeration
 13854 | Lair:1   | Reached skill level 3 in Ice Magic
 13974 | Lair:1   | Killed a five-headed hydra
 13975 | Lair:1   | Reached skill level 4 in Ice Magic
 14049 | Lair:1   | Noticed a five-headed hydra
 14064 | Lair:1   | Killed a five-headed hydra
 14065 | Lair:1   | Reached skill level 5 in Ice Magic
 14947 | Lair:1   | Reached skill level 6 in Ice Magic
 15440 | D:11     | Killed Psyche
 15777 | D:11     | Killed a two-headed ogre
 15863 | D:11     | Reached skill level 7 in Ice Magic
 16172 | D:11     | Found a broken altar of Ashenzari.
 16744 | D:12     | Reached ***** piety under Vehumet
 16838 | D:12     | Offered knowledge of Fireball by Vehumet.
 16971 | D:12     | Noticed a two-headed ogre
 16985 | D:12     | Killed a two-headed ogre
 16986 | D:12     | Reached skill level 8 in Ice Magic
 17004 | D:12     | Learned a level 5 spell: Fireball
 17842 | D:12     | Reached skill level 1 in Fire Magic
 18611 | D:13     | Reached XP level 13. HP: 93/93 MP: 23/23
 19666 | D:14     | Noticed Kirke
 19678 | D:14     | Killed Kirke
 19679 | D:14     | Reached skill level 5 in Armour
 19755 | D:14     | Found a gate to the Vaults.
 19952 | D:7      | Bought the ring of Linearity {+Inv rF+ AC+4 Str+7} for 1003
                  | gold pieces
 20130 | Lair:2   | Reached skill level 9 in Ice Magic
 20159 | Lair:2   | Noticed Maggie
 20172 | Lair:2   | Killed Maggie
 20951 | Lair:2   | Offered knowledge of Irradiate by Vehumet.
 20958 | Lair:2   | Learned a level 5 spell: Irradiate
 21010 | Lair:2   | Reached skill level 1 in Conjurations
 21276 | Lair:2   | Found a hole to the Spider Nest.
 23277 | Lair:3   | Gained mutation: You regenerate health from kills. [demonic
                  | ancestry]
 23277 | Lair:3   | Reached XP level 14. HP: 91/100 MP: 17/24
 23913 | Lair:4   | Reached skill level 10 in Ice Magic
 24217 | Lair:4   | Found a staircase to the Shoals.
 24536 | Lair:4   | Reached skill level 5 in Fire Magic
 25144 | Lair:5   | Gained mutation: Scrolls take you a little longer to read.
                  | [potion of mutation]
 25144 | Lair:5   | Gained mutation: Your spells are a little easier to cast,
                  | but a little less powerful. [potion of mutation]
 25144 | Lair:5   | Gained mutation: Armour fits poorly on your strangely
                  | shaped body. [potion of mutation]
 25144 | Lair:5   | Gained mutation: Your skin changes colour to match your
                  | surroundings (Stealth+). [potion of mutation]
 25145 | Lair:5   | Lost mutation: Scrolls take you a little longer to read.
                  | [potion of mutation]
 25145 | Lair:5   | Lost mutation: Your spells are a little easier to cast, but
                  | a little less powerful. [potion of mutation]
 25145 | Lair:5   | Gained mutation: You expend magic power (3 MP) to
                  | strengthen your wands. [potion of mutation]
 25145 | Lair:5   | Gained mutation: You are frail. (-10% HP) [potion of
                  | mutation]
 25145 | Lair:5   | Gained mutation: Your muscles are strong. (Str +2) [potion
                  | of mutation]
 25145 | Lair:5   | Gained mutation: You are agile. (Dex +2) [potion of
                  | mutation]
 26648 | Lair:5   | Got a heavily runed plate armour
 26659 | Lair:5   | Identified the cursed +1 plate armour of Menta {+Fly rF-
                  | Regen+ Dex+4} (You found it on level 5 of the Lair of
                  | Beasts)
 26704 | Lair:6   | Entered Level 6 of the Lair of Beasts
 26788 | Lair:6   | Found a staircase to the Slime Pits.
 27161 | Lair:6   | Offered knowledge of Orb of Destruction by Vehumet.
 27175 | Lair:6   | Learned a level 7 spell: Orb of Destruction
 27245 | Lair:6   | Reached skill level 5 in Conjurations
 28328 | Orc:1    | Entered Level 1 of the Orcish Mines
 28370 | Orc:1    | Found a runed translucent gate.
 28370 | Orc:1    | Found a runed translucent gate.
 28370 | Orc:1    | Found a runed translucent gate.
 28372 | Orc:1    | Noticed Elvor's ghost (journeyman GrFi)
 28373 | Orc:1    | Noticed Groucho's ghost (journeyman SpEn)
 28389 | Orc:1    | Found a dark tunnel.
 28401 | Volcano  | Entered a volcano
 29462 | D:10     | Killed Elvor's ghost
 30292 | Orc:1    | Killed Groucho's ghost
 30315 | Orc:1    | Got a faintly glowing platinum ring
 30322 | Orc:1    | Identified the ring "Lisox" {rCorr Int+3} (You found it on
                  | level 1 of the Orcish Mines)
 30360 | Orc:2    | Entered Level 2 of the Orcish Mines
 30494 | Orc:2    | Gained mutation: You have a pair of large horns on your
                  | head. [demonic ancestry]
 30494 | Orc:2    | Reached XP level 15. HP: 91/97 MP: 27/27
 30573 | Orc:2    | Found a staircase to the Elven Halls.
 30731 | Orc:2    | Found a roughly hewn altar of Beogh.
 31023 | Orc:2    | Identified a +1 pair of boots of running (You found it in a
                  | volcano)
 31119 | Orc:2    | Found Fueras's Magic Scroll Shop.
 31385 | Orc:2    | Found Yzibidghu's Magic Scroll Emporium.
 31421 | Orc:2    | Found Zaenod's Antique Weapon Boutique.
 31696 | Orc:2    | Found Ewkal's Book Emporium.
 31696 | Orc:2    | Found Vihuaxu's Armour Boutique.
 31822 | Orc:2    | Bought a scroll of blinking for 120 gold pieces
 31822 | Orc:2    | Bought 3 scrolls of identify for 96 gold pieces
 31823 | Orc:2    | Identified a scroll of acquirement
 31932 | Orc:1    | Found Viocloo's Armour Shoppe.
 31977 | Orc:1    | Acquired an uncursed staff of cold
 32182 | Spider:1 | Entered Level 1 of the Spider Nest
 32256 | Spider:1 | Noticed Aizul
 32272 | Spider:1 | Killed Aizul
 33037 | Spider:1 | Reached skill level 5 in Throwing
 33617 | Spider:1 | Got a smoking rapier
 33618 | Spider:1 | Identified the cursed +1 rapier of Drought {speed, +Inv rF+
                  | Int+3} (You found it on level 1 of the Spider Nest)
 33726 | Spider:1 | Reached ****** piety under Vehumet
 34615 | Spider:2 | Offered knowledge of Starburst by Vehumet.
 34666 | Spider:2 | Reached skill level 11 in Ice Magic
 37440 | Spider:3 | Found a roughly hewn altar of Beogh.
 37520 | Spider:3 | Got a thick robe
 37532 | Spider:3 | Identified the +0 robe of Evolution {Int+2} (You found it
                  | on level 3 of the Spider Nest)
 37902 | Spider:4 | Entered Level 4 of the Spider Nest
 38121 | Spider:4 | Offered knowledge of Bolt of Magma by Vehumet.
 38122 | Spider:4 | Reached XP level 16. HP: 104/104 MP: 19/29
 38257 | Spider:4 | Reached skill level 10 in Maces & Flails
 38669 | Spider:4 | Offered knowledge of Conjure Ball Lightning by Vehumet.
 40564 | Elf:1    | Entered Level 1 of the Elven Halls
 41290 | Elf:1    | Reached skill level 10 in Dodging
 41738 | Elf:1    | Reached skill level 10 in Spellcasting
 42091 | Elf:1    | Reached skill level 12 in Ice Magic
 42402 | Elf:1    | Offered knowledge of Chain Lightning by Vehumet.
 42594 | Elf:1    | Gained mutation: A demonic guardian rushes to your aid.
                  | [demonic ancestry]
 42594 | Elf:1    | Reached XP level 17. HP: 111/111 MP: 28/31
 44018 | Elf:2    | Found Qasokurr's Jewellery Boutique.
 44018 | Elf:2    | Found Astaazin's Gadget Shoppe.
 44020 | Elf:2    | Found Myskeak's Jewellery Boutique.
 44071 | Elf:2    | Bought the ring of the Furies {Ice rN+} for 651 gold pieces
 44467 | Elf:2    | Found a bloodstained altar of Trog.
 44817 | Elf:2    | Mangled by a +3 war axe of holy wrath

Illustrated notes

Levels and vault maps discovered:
D:1:      dpeg_arrival_simpleton_c, layout_basic
D:2:      layout_basic, evilmike_ruin_ashenzari,
          gammafunk_temple_overflow_statue, serial_curves, eino_curves_01,
          eino_curves_01, eino_curves_04, st_stairs_14, minmay_rat_hole,
          uniq_sigmund
D:3:      layout_basic
D:4:      layout_loops_ring, portal_sewer_entry_b, uniq_edmund,
          uniq_blork_the_orc
D:5:      layout_rooms, minmay_temple_entry_large_hall, minmay_misc_feat_five,
          grunt_ministairs_6
D:6:      layout_loops_ring, fedhas_altar_4
D:7:      layout_loops_cross, chequers_temple_overflow_minitemple, serial_shops,
          nicolae_shop_crystal
D:8:      layout_basic
D:9:      layout_loops_corners, due_unseen_surprise
D:10:     layout_rooms, orc_0_dummy, basic_altar, grunt_dithmenos_shadows,
          uniq_fannar
D:11:     layout_loops_ring, due_lair_maze_entry_diamond, basic_altar,
          uniq_psyche
D:12:     layout_irregular_city
D:13:     layout_stronghold, drop_trap
D:14:     layout_stronghold, erik_vaults_1, minivault_11,
          kennysheep_generic_room_16, uniq_kirke
Temple:   regret_index_temple_generic_petals
Lair:1:   layout_regular_city, portal_ice_cave_entry_ice_beasts,
          infiniplex_staircase_pool_2, grunt_megastairs_3, lemuel_fruit_tree
Lair:2:   nzn_winding_woodlands_three_and_one [nzn_winding_woodlands_5x15_twine,
          nzn_winding_woodlands_5x15_pockets, nzn_winding_woodlands_5x15_pool,
          nzn_winding_woodlands_center_lodge], layout_chaotic_city,
          nicolae_spider_entry_tight_spaces, uniq_maggie
Lair:3:   layout_gridlike, grunt_megastairs_1, minmay_lair_oklob_chamber
Lair:4:   layout_cave_pods, elwin_shoals_entry_rooms,
          chequers_serial_rivers_large_b, nicolae_lair_grove_arrangements,
          serial_bayou_pond_a
Lair:5:   dragon1_lemuel, layout_layer_cave
Lair:6:   evilmike_catoblepas_cave, layout_regular_city,
          minmay_slime_entry_eyes, bobbens_dragon_lair_wall, grunt_megastairs_4,
          lemuel_fruit_fields
Spider:1: layout_chambers, uniq_aizul
Spider:2: layout_spider_delve
Spider:3: nicolae_spider_mines_2
Spider:4: guppyfry_spider_rune, zaba_antful_of_joy
Orc:1:    layout_diamond_mine, serial_shops, nicolae_shop_crystal,
          enter_volcano_1, gammafunk_ghost_cemetery
Orc:2:    st_orc_town, layout_caves, serial_shops, shop_statue
Elf:1:    eino_elf_arrival_the_gate, layout_onion_city,
          kennysheep_underground_church, hangedman_elven_pyramids,
          guppyfry_library_mini
Elf:2:    layout_gridlike, evilmike_spriggan_trog_shrine, minmay_shop_grove,
          uniq_louise, uniq_asterion, uniq_jorgrun

Skill      XL: |  1  2  3  4  5  6  7  8  9 10 11 12 13 14 15 16 17 |
---------------+----------------------------------------------------+-----
Polearms       | 3 |  3.6
Dodging        | 3 4 5 6 8 9 10 | 10.2
Fighting       | 3 4 5 6 7 8 9 |  9.0
Armour         | 1 2 3 4 5 |  5.7
Stealth        | 1 2 3 4 5 6 |  6.0
Maces & Flails | 1 2 3 4 5 6 8 9 10 | 10.5
Throwing       | 2 3 4 5 6 |  6.6
Hexes          | 1 2 3 4 5 6 7 |  7.3
Spellcasting   | 2 3 4 5 6 8 9 10 | 10.4
Ice Magic      | 1 2 8 9 10 11 12 | 12.2
Evocations     | 2 4 5 6 8 9 |  9.6
Poison Magic   | 2 3 |  3.0
Fire Magic     | 1 4 6 7 |  7.7
Conjurations   | 2 5 7 9 |  9.5

Action                   |  1- 3 |  4- 6 |  7- 9 | 10-12 | 13-15 | 16-18 || total
-------------------------+-------+-------+-------+-------+-------+-------++-------
Melee: Trident           |    46 |       |       |       |       |       ||    46
       Whip              |    57 |   254 |    33 |       |       |       ||   344
       Headbutt          |    10 |    43 |    56 |   125 |   267 |    36 ||   537
       Flail             |       |       |   321 |   596 |   903 |   133 ||  1953
       Staff             |       |       |       |       |    51 |     2 ||    53
Throw: Throwing net      |       |    10 |       |     1 |       |       ||    11
       Javelin           |       |     4 |       |    64 |       |       ||    68
 Cast: Ensorcelled Hiber |       |       |    29 |    16 |       |       ||    45
       Olgreb's Toxic Ra |       |       |       |     4 |    42 |       ||    46
       Ozocubu's Refrige |       |       |       |       |   153 |   155 ||   308
       Fireball          |       |       |       |       |     1 |       ||     1
Evoke: Wand              |       |       |     5 |    30 |    46 |       ||    81
       Box of beasts     |       |       |       |     2 |     3 |     1 ||     6
       Condenser vane    |       |       |       |       |     2 |       ||     2
  Use: Potion            |     1 |     1 |     7 |     3 |     7 |     1 ||    20
       Scroll            |       |     9 |    12 |     8 |    20 |     8 ||    57
 Stab: Sleeping          |     1 |       |    27 |    14 |    17 |     2 ||    61
       Held in net/web   |       |     2 |       |       |       |       ||     2
       Distracted        |       |     2 |       |     3 |    10 |     1 ||    16
       Paralysed         |       |       |       |     7 |       |       ||     7
       Betrayed ally     |       |       |       |     1 |       |       ||     1
       Invisible         |       |       |       |     2 |       |       ||     2
Armor: Leather armour    |    25 |    81 |   119 |   204 |     6 |    12 ||   447
       Scale mail        |       |     7 |       |       |       |       ||     7
       Skin              |       |       |       |    23 |       |       ||    23
       Steam dragon scal |       |       |       |       |   179 |    72 ||   251
       Robe              |       |       |       |       |   128 |       ||   128
Dodge: Dodged            |    60 |   163 |   247 |   479 |   776 |   176 ||  1901
       Repelled          |       |       |       |       |     7 |       ||     7
